 Dungeon Crawl Stone Soup version 0.30-a0-859-gf88a04b62d (webtiles) character file.

Game seed: 18174289787532853973

48 ProzacElf the Gusty (level 4, -6/33 HPs)
             Began as a Meteoran Air Elementalist on Mar 6, 2023.
             Killed by nerve-wracking pain
             ... invoked by an orc priest
              (10 damage)
             ... on level 2 of the Dungeon.
             The game lasted 00:04:18 (728 turns).

ProzacElf the Gusty (Meteoran Air Elementalist)      Turns: 728, Time: 00:04:18

Health: -6/33      AC:  2    Str:  9    XL:     4   Next: 18%
Magic:  5/10       EV: 12    Int: 18    God:
Gold:   97         SH:  0    Dex: 15    Spells: 0/10 levels left

rFire   . . .      SeeInvis .    a - +2 hand axe (freeze)
rCold   . . .      Faith    .    (no shield)
rNeg    . . .      Spirit   .    c - +0 robe
rPois   .          Reflect  .    (no helmet)
rElec   .          Rampage  .    (no cloak)
rCorr   .                        (no gloves)
Will    .....                    (no boots)
Stlth   +                        (no amulet)
HPRegen 0.25/turn                (no ring)
MPRegen 0.12/turn                (no ring)

@: glowing
A: sense surroundings 1, otherworldly, glowing, explore regen
a: no special abilities


You were on level 2 of the Dungeon.
You visited 1 branch of the dungeon, and saw 3 of its levels.

You collected 97 gold pieces.

Inventory:

Hand Weapons
 a - a +2 hand axe of freezing (weapon)
 d - a +0 dagger
 s - a +0 hand axe
Missiles
 j - 20 stones
Armour
 c - a +0 robe (worn)
 i - a +0 chain mail
 n - a +0 leather armour
 o - a +0 ring mail
 p - a +0 ring mail
Scrolls
 f - 2 scrolls of identify {unknown}
 g - 2 scrolls of teleportation {unknown}
 h - a scroll of magic mapping {unknown}
 l - a scroll of amnesia {unknown}
 q - a scroll of enchant weapon {unknown}
 u - a scroll of enchant armour {unknown}
 v - a scroll of poison {unknown}
Potions
 b - a potion of magic
 e - a potion of might {unknown}
 k - 2 potions of brilliance {unknown}
 m - a potion of resistance {unknown}
 r - a potion of flight {unknown}
 t - a potion of attraction {unknown}


   Skills:
 - Level 2.4 Dodging
 - Level 1.4 Stealth
 - Level 3.5 Spellcasting
 + Level 2.6 Conjurations
 + Level 4.3 Air Magic


You couldn't memorise any spells.
You knew the following spells:

 Your Spells              Type           Power      Damage    Failure   Level
a - Shock                 Conj/Air       60%        1d6       3%          1
b - Airstrike             Air            9%         2d(2-18)  26%         4
c - Static Discharge      Conj/Air       30%        2-4/arc   5%          2
w - Swiftness             Air            18%        N/A       8%          3

Your spell library contained the following spells:

 Spells                   Type           Power      Damage    Failure   Level


Dungeon Overview and Level Annotations

Branches:
Dungeon (3/15) Zot: 1063

Altars:


Innate Abilities, Weirdness & Mutations

You passively map a small area around you.
You are easily found by Zot.
You glow in the dark.
You regain HP and MP as you explore.


Message History

Tha orc priest be moderately wounded.
Ye be struck by an arc o' lightnin'.
Tha orc be struck by an arc o' lightnin'.
Tha orc be heavily wounded.
Ye be struck by an arc o' lightnin'.
Tha lightnin' grounds out.
Tha orc be struck by an arc o' lightnin'.
Ye kill tha orc!
Ye be struck by an arc o' lightnin'.
Tha orc be struck by an arc o' lightnin'.
Tha orc be almost dead.
Ye be struck by an arc o' lightnin'.
Tha lightnin' grounds out.
Tha orc hits ye wit' a +0 dagger.
Tha orc priest closely misses ye.
Ye take 6 damage, an' haf 11/33 hp.
Ye now haf 8/10 mp.
Castin': Static Discharge (safe; 5% risk o' failure) Confirm wit' . or Enter, or press ? or * ta list all spells.
Tha orc priest be struck by an arc o' lightnin'.
Tha orc priest be heavily wounded.
Ye be struck by an arc o' lightnin'.
Tha lightnin' grounds out.
Tha orc be struck by an arc o' lightnin'.
Ye kill tha orc!
Ye be struck by an arc o' lightnin'.
* * * LOW HITPOINT WARNIN'
* * * Tha lightnin' grounds out.
Tha orc priest hits ye wit' a +1 trident o' freezin'.
* * * LOW HITPOINT WARNIN'
* * * Tha orc priest freezes ye.
* * * LOW HITPOINT WARNIN'
* * * Ye take 5 damage, an' haf 6/33 hp.
Ye now haf 7/10 mp.
Castin': Static Discharge (safe; 5% risk o' failure) Confirm wit' . or Enter, or press ? or * ta list all spells.
Tha orc priest be struck by an arc o' lightnin'.
Tha orc priest be heavily wounded.
Ye be struck by an arc o' lightnin'.
* * * LOW HITPOINT WARNIN'
* * * Tha orc priest be struck by an arc o' lightnin'.
Tha orc priest be almost dead.
Tha lightnin' grounds out.
Tha orc priest mumbles some strange prayers ta Beogh against ye.
Pain shoots through yer body!
Ye die...

* , * ** * ,, * * ,
,, , , *, ,* ######.
..#, #, ## #.o@)#..
..# * #.##. *
#.##)#.###.#, #....
#.##.#.....# ####.
,* #.##'#.....# , ,
#. ,
#..........#*###+##.
#.........†###......
*
##....†...........##
#. ,
#........####......
,....##......###
#.....#


You could see an orc priest.

Vanquished Creatures
  A gnoll (D:1)
  An adder (D:2)
  A dart slug (D:2)
  5 orcs (D:2)
  A ball python (D:1)
  2 endoplasms (D:1)
  A giant cockroach (D:1)
  3 goblins
  2 hobgoblins
  A quokka (D:2)
  A bat (D:1)
  2 rats (D:2)
21 creatures vanquished.

Notes
Turn   | Place    | Note
-------+----------+-------------------------------------------
     0 | D:1      | ProzacElf the Meteoran Air Elementalist began the quest for
                  | the Orb.
     0 | D:1      | Reached XP level 1. HP: 14/14 MP: 5/5
   148 | D:1      | Reached XP level 2. HP: 15/20 MP: 6/6
   185 | D:1      | Reached skill level 4 in Air Magic
   264 | D:1      | Reached XP level 3. HP: 18/26 MP: 8/8
   496 | D:1      | Glimpsed the power of Zot.
   552 | D:2      | Learned a level 2 spell: Static Discharge
   556 | D:2      | Learned a level 3 spell: Swiftness
   688 | D:2      | Reached XP level 4. HP: 30/33 MP: 2/10
   693 | D:2      | Learned a level 4 spell: Airstrike
   728 | D:2      | Killed from afar by an orc priest

Illustrated notes

Levels and vault maps discovered:
D:1:      saegor_arrival_simple_e, layout_loops_ring
D:2:      layout_basic, guppyfry_early_orc_mine
D:3:      kennysheep_the_goblin_king, layout_loops_cross, uniq_grinder

Skill      XL: |  1  2 |
---------------+-------+-----
Spellcasting   | 3 |  3.5
Conjurations   | 2 |  2.6
Air Magic      | 4 |  4.3
Dodging        | |  2.4
Stealth        | |  1.4

Action                     |  1- 3 |  4- 6 || total
---------------------------+-------+-------++-------
  Melee: Hand axe          |    29 |     1 ||    30
         Dagger            |     5 |       ||     5
         Punch             |     1 |       ||     1
   Cast: Shock             |    12 |       ||    12
         Static Discharge  |     4 |     3 ||     7
 Armour: Robe              |     9 |       ||     9
  Dodge: Dodged            |    25 |     1 ||    26

Table legend: (Time is in decaauts)
 A = Elapsed time spent in this place.
 B = Non-inter-level travel time spent in this place.
 C = Inter-level travel time spent in this place.
 D = Time resting spent in this place.
 E = Time spent auto-exploring this place.
 F = Levels seen in this place.
 G = Mean time per level.
                   A        B        C        D        E       F      G
               +--------+--------+--------+--------+--------+-----+--------+
         Total |    735 |    712 |     23 |     50 |    396 |   3 |  245.0 |
       Dungeon |    735 |    712 |     23 |     50 |    396 |   3 |  245.0 |
               +--------+--------+--------+--------+--------+-----+--------+

Top non-repeatable levels by time:
     D:1: 524 daAuts
     D:2: 208 daAuts
     D:3: 1 daAuts
